 Dungeon Crawl Stone Soup version 0.24-a0-446-g87df7205b4 (webtiles) character file.

Game seed: 9987674091795090497

301 mhoghedin the Covert (level 6, -1/39 HPs)
             Began as an Octopode Assassin on June 23, 2019.
             Was an Initiate of Kikubaaqudgha.
             Slain by a quokka (5 damage)
             ... on level 3 of the Dungeon.
             The game lasted 00:04:25 (2035 turns).

mhoghedin the Covert (Octopode Assassin)            Turns: 2035, Time: 00:04:26

Health: -1/39      AC:  1    Str: 12      XL:     6   Next: 37%
Magic:  6/6        EV: 12    Int: 13 (14) God:    Kikubaaqudgha [......]
Gold:   180        SH:  5    Dex: 12 (13) Spells: 5/5 levels left

rFire    + . .     SeeInvis +   a - +2 dagger
rCold    . . .     Gourm    .   h - +0 buckler
rNeg     . . .     Faith    .   (helmet restricted)
rPois    .         Spirit   .   (no amulet)
rElec    .         Reflect  .   g - ring of wizardry {Wiz+, !d}
rCorr    .         Harm     .   j - ring of protection from fire {rF+, !d}
MR       .....                  f - ring of see invisible {sInv, !d}
Stlth    +++++.....             (no ring)
HPRegen  0.13/turn              (no ring)
MPRegen  0.10/turn              (no ring)
                                (no ring)
                                (no ring)

@: no status effects
A: almost no armour, stealthy swim, amphibious, 8 rings, constrict 8, camouflage
1, gelatinous body 1
a: Renounce Religion


You were on level 3 of the Dungeon.
You worshipped Kikubaaqudgha.
Kikubaaqudgha was noncommittal.
You were not hungry.

You visited 1 branch of the dungeon, and saw 3 of its levels.

You collected 180 gold pieces.

Inventory:

Hand Weapons
 a - a +2 dagger (weapon)
Missiles
 b - 18 poisoned darts (quivered)
 c - 2 curare-tipped darts
Armour
 h - a +0 buckler (worn)
   (You found it on level 1 of the Dungeon)
Jewellery
 f - a ring of see invisible (on tentacle) {sInv, !d}
   (You found it on level 2 of the Dungeon)
 g - a ring of wizardry (left tentacle) {Wiz+, !d}
   (You found it on level 1 of the Dungeon)
 j - a ring of protection from fire (right tentacle) {rF+, !d}
   (You found it on level 1 of the Dungeon)
Wands
 e - a wand of flame (7)
   (You took it off Jessica on level 2 of the Dungeon)
 p - a wand of disintegration (16)
   (You found it on level 2 of the Dungeon)
Scrolls
 l - a scroll of blinking {unknown}
 m - a scroll of random uselessness {unknown}
 n - a scroll of remove curse {unknown}
 o - a scroll of teleportation {unknown}
 q - a scroll of identify {unknown}
 s - 2 scrolls of noise {unknown}
Comestibles
 d - 6 rations


   Skills:
 - Level 2.0 Fighting
 - Level 2.0 Short Blades
 - Level 2.0 Throwing
 - Level 1.0 Dodging
 + Level 8.6 Stealth
 + Level 3.8 Shields


You had 5 spell levels left.
You didn't know any spells.
Your spell library contained the following spells:

 Spells                   Type           Power        Failure   Level  Hunger
 Flame Tongue             Conj/Fire      #....        12%         1    ##.....
 Magic Dart               Conj           #...         12%         1    ##.....
 Searing Ray              Conj           #.....       19%         2    ###....
 Throw Flame              Conj/Fire      #.....       19%         2    ###....
 Conjure Flame            Conj/Fire      #.......     34%         3    ####...
 Dazzling Spray           Conj/Hex       #.....       34%         3    ####...
 Inner Flame              Hex/Fire       #.......     34%         3    ####...
 Force Lance              Conj/Tloc      #.......     73%         4    #####..
 Fulminant Prism          Conj/Hex       #.........   73%         4    #####..
 Iskenderun's Mystic Bla  Conj           #.......     73%         4    #####..
 Sticky Flame             Conj/Fire      #.......     73%         4    #####..
 Fireball                 Conj/Fire      #.........   96%         5    ######.


Dungeon Overview and Level Annotations

Branches:
Dungeon (3/15)

Altars:
Kikubaaqudgha
Qazlal
Yredelemnul

Annotations:
D:3 2 transporters, Lanoc's ghost, amateur DDCK


Innate Abilities, Weirdness & Mutations

You cannot wear most types of armour.
You are very stealthy in the water. (Stealth+)
You are amphibious.
You can wear up to eight rings at the same time.
You can use your tentacles to constrict eight enemies at once.
Your skin changes colour to match your surroundings (Stealth+).
Your rubbery body absorbs attacks. (AC +1, EV +1)


Message History

Found a stone staircase leading down.
You pick up a book of Conjurations and begin reading...
You add the spells Magic Dart, Searing Ray, Dazzling Spray, Fulminant Prism, Force Lance and Iskenderun's Mystic Blast to your library.
A rat comes into view.
The helpless rat fails to defend itself.
You skewer the rat like a kebab!!!
You kill the rat!
Kikubaaqudgha accepts your kill.
Okay, then.
d - 5 rations (gained 1)
d - 6 rations (gained 1)
The quasit gives a chilling moan.
You now have 180 gold pieces (gained 7).
A quokka, an orc and a dart slug come into view.
The orc shouts!
You hear a shout!
You hear an angry hiss.
An orc wizard comes into view. It is wielding a +0 dagger.
The quokka moves out of view.
You hear a shout!
There are monsters nearby!
You hit the orc. You grab the orc.
You constrict the orc, but do no damage.
You hit the orc but do no damage. You squeeze the orc.
You kill the orc!
Kikubaaqudgha accepts your kill.
No target in view!
The orc wizard is too close now for your liking.
No target in view!
No target in view!
The dart slug is too close now for your liking.
A worker ant and a giant cockroach come into view.
Found a stone staircase leading down.
An orc comes into view.
A goblin comes into view.
The goblin shouts!
The worker ant twitches its antennae in your direction.
You hit the orc but do no damage. You grab the orc.
You squeeze the orc, but do no damage.
You constrict the orc, but do no damage.
The quokka bites you. The orc hits you but does no damage.
An orc wizard comes into view. It is wielding a +0 dagger.
You take 1 damage, and have 38/39 hp.
You hit the orc but do no damage. You constrict the orc. The quokka bites you.
The orc hits you.
You take 3 damage, and have 35/39 hp.
You hit the orc but do no damage. You squeeze the orc.
You constrict the orc, but do no damage.
The quokka bites you. You block the orc's attack. The worker ant bites you!
You are poisoned.
The worker ant poisons you!
You take 10 damage, and have 25/39 hp.
MASSIVE DAMAGE!!
Unknown command.
You release your grip on the orc.
You feel sick. The quokka barely misses you.
You take 1 damage, and have 24/39 hp.
You feel sick.
You take 1 damage, and have 23/39 hp.
The worker ant waves its antennae.
A worm comes into view.
You block the worker ant's attack.
You feel sick.
You take 1 damage, and have 22/39 hp.
The quokka bites you.
You take 3 damage, and have 19/39 hp.
You feel sick.
You take 1 damage, and have 18/39 hp.
You block the worker ant's attack.
You feel sick.
You take 1 damage, and have 18/39 hp.
Okay, then.
You aren't carrying any potions.
As you read the scroll labeled DYSCHA TODOX, it crumbles to dust.
You feel aware of your surroundings.
It was a scroll of magic mapping.
The quokka bites you. The quokka completely misses you.
You take 4 damage, and have 14/39 hp.
You hit the quokka but do no damage. Your grab misses the quokka.
The quokka bites you but does no damage.
You hit the quokka. Your grab misses the quokka.
You squeeze the quokka, but do no damage.
You feel sick. The quokka bites you.
* * * LOW HITPOINT WARNING * * *
You take 6 damage, and have 8/39 hp.
Unknown command.
The orc wizard gestures wildly while chanting.
The orc wizard seems to speed up.
Okay, then.
You aren't carrying any potions.
The quokka closely misses you.
You feel sick.
You take 1 damage, and have 8/39 hp.
You feel sick. The quokka bites you.
* * * LOW HITPOINT WARNING * * *
You take 4 damage, and have 4/39 hp.
The orc grunts loudly.
You feel sick.
You are no longer poisoned.
You take 1 damage, and have 4/39 hp.
The quokka barely misses you. The quokka bites you.
You die...
Kikubaaqudgha rasps: "You have failed me!
Welcome... death!"

............##...#.......####..##
÷####................>.....sg....
..........<#.#...#....s...####©##
#...(...##.#.#...#....#####,,###5
+..†....+..#.#...##+o.#....*,....
#.......####.#...##..##...#,,.#..
.............#...##..#......#5.##
#########.....#####..#..##5.©..#.
*,,,,,,,,.......@ra..#.....#..%..
,,*******.....######.##.##..=###5
*,* *###..........#5....5?..#
≈≈** *.######...##..#####,. ,,≈*
*,* ##...####.©.### ,≈,* *,*
#............. *,,* *,*
##........#### ≈,,* *,*
########## ≈≈,** *,*


You could see a worker ant and a quokka.

Vanquished Creatures
  Menkaure (D:2)
  A hound (D:2)
  Jessica (D:2)
  Natasha (D:2)
  Terence (D:2)
  An adder (D:3)
  A shadow imp (D:2)
  An adder skeleton (D:2)
  3 dart slugs
  A leopard gecko (D:1)
  An orc (D:3)
  A giant cockroach (D:1)
  4 goblins
  7 hobgoblins
  7 jackals
  2 quokkas (D:2)
  5 bats
  5 frilled lizards
  4 kobolds
  8 rats
56 creatures vanquished.

Notes
Turn   | Place    | Note
-------+----------+-------------------------------------------
     0 | D:1      | mhoghedin the Octopode Assassin began the quest for the
                  | Orb.
     0 | D:1      | Reached XP level 1. HP: 14/14 MP: 1/1
    84 | D:1      | Reached XP level 2. HP: 7/19 MP: 2/2
   299 | D:1      | Reached skill level 6 in Stealth
   503 | D:1      | Reached XP level 3. HP: 24/24 MP: 3/3
   531 | D:1      | Reached skill level 1 in Shields
   849 | D:2      | Found an ancient bone altar of Kikubaaqudgha.
   849 | D:2      | Noticed Jessica
   855 | D:2      | Found a transporter.
  1041 | D:2      | Found a stormy altar of Qazlal.
  1056 | D:2      | Reached skill level 7 in Stealth
  1056 | D:2      | Reached XP level 4. HP: 14/29 MP: 4/4
  1104 | D:2      | Reached skill level 2 in Shields
  1235 | D:2      | Found a faded altar of an unknown god.
  1330 | D:2      | Noticed Natasha
  1341 | D:2      | Killed Natasha
  1353 | D:2      | Found a transporter.
  1353 | D:2      | Found a basalt altar of Yredelemnul.
  1357 | D:2      | Noticed Menkaure
  1474 | D:2      | Noticed Terence
  1476 | D:2      | Killed Terence
  1476 | D:2      | Reached XP level 5. HP: 34/34 MP: 5/5
  1538 | D:2      | HP: 7/34 [Menkaure (8)]
  1538 | D:2      | HP: 2/34 [Jessica/puff of flame (5)]
  1541 | D:2      | Killed Menkaure
  1541 | D:2      | Reached skill level 8 in Stealth
  1541 | D:2      | Reached skill level 3 in Shields
  1541 | D:2      | Reached XP level 6. HP: 16/39 MP: 6/6
  1545 | D:2      | Killed Jessica
  1581 | D:2      | Became a worshipper of Kikubaaqudgha
  1955 | D:3      | Found a transporter.
  1958 | D:3      | Noticed Lanoc's ghost (amateur DDCK)
  1981 | D:3      | Found a transporter.
  2018 | D:3      | HP: 8/39 [quokka (5)]
  2026 | D:3      | HP: 7/39 [poisoned by a worker ant]
  2035 | D:3      | Slain by a quokka

Levels and vault maps discovered:
D:1:      eino_arrival_water_star, layout_loops_ring, minmay_cupped
D:2:      layout_loops_cross, lemuel_round_altar, gammafunk_temple_of_torment,
          chequers_ecumenical_altar_island, uniq_jessica, uniq_natasha,
          uniq_terence
D:3:      layout_basic, serial_rivers, chequers_serial_rivers_large_a,
          chequers_serial_rivers_small_b, chequers_serial_rivers_marsh,
          chequers_serial_rivers_micro_d, chequers_serial_rivers_marsh,
          chequers_serial_rivers_micro_a, gammafunk_ghost_stat_death,
          first_ration

Skill      XL: |  1  2  3  4  5 |
---------------+----------------+-----
Stealth        | 6 7 8 |  8.6
Shields        | 1 2 3 |  3.8
Fighting       | |  2.0
Short Blades   | |  2.0
Throwing       | |  2.0
Dodging        | |  1.0

Action                   |  1- 3 |  4- 6 || total
-------------------------+-------+-------++-------
Melee: Dagger            |    50 |    51 ||   101
       Constrict         |     5 |    15 ||    20
       Tentacles         |     1 |    11 ||    12
  Use: Potion            |       |     6 ||     6
       Scroll            |       |     1 ||     1
 Stab: Sleeping          |    19 |     5 ||    24
  Eat: Chunk             |       |     3 ||     3
Armor: Skin              |     2 |     4 ||     6
Dodge: Dodged            |    19 |    33 ||    52
Block: Buckler           |     3 |    10 ||    13

Table legend:
 A = Non-vault XP
 B = Vault XP
 C = Vault XP percentage of total XP
 D = Non-vault monster count
 E = Vault monster count
 F = Vault count percentage of total count
                 A         B        C        D         E       F
            +---------+---------+-------+---------+---------+-------
      Total |     136 |     294 |  68.4 |      48 |       8 |  14.3
            +---------+---------+-------+---------+---------+-------
        D:1 |      48 |       2 |   4.0 |      26 |       2 |   7.1
        D:2 |      70 |     292 |  80.7 |      18 |       6 |  25.0
        D:3 |      18 |       0 |   0.0 |       4 |       0 |   0.0
            +---------+---------+-------+---------+---------+-------

Levels and vault maps discovered:
D:1:      eino_arrival_water_star, layout_loops_ring, minmay_cupped
D:2:      layout_loops_cross, lemuel_round_altar, gammafunk_temple_of_torment,
          chequers_ecumenical_altar_island, uniq_jessica, uniq_natasha,
          uniq_terence
D:3:      layout_basic, serial_rivers, chequers_serial_rivers_large_a,
          chequers_serial_rivers_small_b, chequers_serial_rivers_marsh,
          chequers_serial_rivers_micro_d, chequers_serial_rivers_marsh,
          chequers_serial_rivers_micro_a, gammafunk_ghost_stat_death,
          first_ration

Table legend:
 A = Turns spent in this place as a percentage of turns spent in the entire game.
 B = Non-inter-level travel turns spent in this place as a percentage of non-inter-level travel turns spent in the entire game.
 C = Inter-level travel turns spent in this place as a percentage of turns spent in this place.
 D = Turns resting spent in this place as a percentage of non-inter-level travel turns spent in this place.
 E = Turns spent auto-exploring this place as a percentage of non-inter-level travel turns spent in this place.
 F = Non-inter-level travel turns spent in this place divided by the number of levels of this place that you've seen.
                   A       B       C       D       E      F
               +-------+-------+-------+-------+-------+----------------------
         Total | 100.0 | 100.0 |   4.9 |  20.3 |  55.6 | 645.0
       Dungeon | 100.0 | 100.0 |   4.9 |  20.3 |  55.6 | 645.0
               +-------+-------+-------+-------+-------+----------------------

Table legend:
 A = Kills in this place as a percentage of kills in entire the game.
 B = Kills by you in this place as a percentage of kills by you in the entire game.
 C = Kills by friends in this place as a percentage of kills by friends in the entire game.
 D = Other kills in this place as a percentage of other kills in the entire game.
 E = Experience gained in this place as a percentage of experience gained in the entire game.
 F = Experience gained in this place divided by the number of levels of this place that you have seen.
                   A       B       C       D       E      F
               +-------+-------+-------+-------+-------+----------------------
         Total | 100.0 | 100.0 |   N/A |   N/A | 100.0 | 143.3
       Dungeon | 100.0 | 100.0 |   N/A |   N/A | 100.0 | 143.3
               +-------+-------+-------+-------+-------+----------------------
